[Event "Titled Tuesday Blitz May 31 Early 2022"]
[White "Melian, Juan Sebastian"]
[Black "Csonka, Balazs"]
[WhiteFideId "3706575"]
[BlackFideId "742910"]
[WhiteElo "1851"]
[BlackElo "2404"]
[Result "0-1"]
[Round "09"]
[TimeControl "180+1"]
[Date "2022.06.01"]
[WhiteClock "0:00:02"]
[BlackClock "0:00:07"]

1. Nf3 Nf6 2. b3 d5 3. Bb2 Bg4 4. e3 Nbd7 5. Be2 e6 6. d4 Ne4 7. O-O Bd6 8. Ne5 Bxe2 9. Qxe2 O-O 10. Nxd7 Qxd7 11. Nd2 Nxd2 12. Qxd2 f5 13. c4 c6 14. Bc3 Rf6 15. f4 h6 16. Bb4 Bc7 17. Ba5 Bd6 18. Bb4 Bc7 19. Ba5 Bb8 20. Rac1 Kh7 21. Bb4 Bc7 22. Ba5 Bb8 23. Bb4 a6 24. Bc5 Bc7 25. Qb4 Qc8 26. Be7 Rf7 27. Bd6 Bxd6 28. Qxd6 Qc7 29. Qxe6 Rf6 30. Qe5 Qf7 31. cxd5 Re8 32. dxc6 Rxe5 33. c7 Re8 34. c8=Q Rxc8 35. Rxc8 Re6 36. Rc3 Qe7 37. Kf2 Qb4 38. Rfc1 Rc6 39. Rxc6 Qd2+ 40. Kf3 bxc6 41. Rxc6 Qxa2 42. Rb6 a5 43. Rb5 Kg6 44. h3 h5 45. Rb6+ Kf7 46. Rb5 g6 47. Rb6 h4 48. Ra6 Qd2 49. Rb6 Qd1+ 50. Kf2 Qd2+ 51. Kf3 Qe1 52. Rb7+ Kg8 53. Rb8+ Kh7 54. Rb7+ Kh6 55. g4 Qf1# 0-1


[Site "https://www.chess.com"]

[Event "Titled Tuesday Blitz May 31 Early 2022"]
[White "Milanovic, Marko"]
[Black "Pakleza, Zbigniew"]
[WhiteFideId "980129"]
[BlackFideId "1119290"]
[WhiteElo "2151"]
[BlackElo "2467"]
[Result "0-1"]
[Round "09"]
[TimeControl "180+1"]
[Date "2022.06.01"]
[WhiteClock "0:00:06"]
[BlackClock "0:00:05"]

1. e4 d6 2. d4 Nf6 3. Nc3 c6 4. h3 b5 5. a3 e5 6. Nf3 Nbd7 7. Be3 Bb7 8. Be2 Be7 9. O-O O-O 10. Re1 a5 11. Bd3 Re8 12. Bg5 Qb6 13. dxe5 dxe5 14. Nh4 g6 15. Qf3 Rad8 16. Ne2 c5 17. c3 c4 18. Bc2 Nc5 19. Ng3 Nd3 20. Re2 Bc8 21. b3 Nd7 22. Bxe7 Rxe7 23. bxc4 Nf4 24. Rd2 bxc4 25. Rad1 Ree8 26. Qg4 Nc5 27. Qg5 Rxd2 28. Rxd2 Ncd3 29. Ngf5 Qd8 30. Nh6+ Kf8 31. Qg3 Qf6 32. Ba4 Rd8 33. Bb5 Nc5 34. Rxd8+ Qxd8 35. Bxc4 Be6 36. Bxe6 Ne2+ 37. Kh2 Nxg3 38. Nxf7 Nf1+ 39. Kg1 Qxh4 40. Kxf1 Nxe6 41. Nxe5 Qxe4 42. Nd7+ Ke7 43. Nb6 Qb1+ 44. Ke2 Qxb6 0-1


[Site "https://www.chess.com"]

[Event "Titled Tuesday Blitz May 31 Early 2022"]
[White "Mitrovic, Darko R"]
[Black "Bethke, Richard"]
[WhiteFideId "927023"]
[BlackFideId "12959243"]
[WhiteElo "2150"]
[BlackElo "2511"]
[Result "0-1"]
[Round "09"]
[TimeControl "180+1"]
[Date "2022.06.01"]
[WhiteClock "0:00:01"]
[BlackClock "0:00:05"]

1. d4 Nf6 2. c4 e6 3. Nf3 d5 4. g3 Bb4+ 5. Nbd2 dxc4 6. Bg2 O-O 7. O-O a5 8. Nxc4 b6 9. Nfe5 Ra7 10. Bg5 h6 11. Bxf6 Qxf6 12. e3 Bb7 13. Bxb7 Rxb7 14. Rc1 Rd8 15. Qf3 Qxf3 16. Nxf3 Nd7 17. Nce5 Bd6 18. Nxd7 Rxd7 19. Rc6 Kf8 20. Rfc1 Ke7 21. Kf1 a4 22. Ke2 Rd8 23. Nd2 Kd7 24. f4 Ra8 25. Ne4 Ra5 26. Nxd6 cxd6 27. R6c4 Raa7 28. R1c2 b5 29. Rc8 b4 30. R2c4 b3 31. a3 Rc7 32. R8xc7+ Rxc7 33. Kd3 Ra7 34. Kc3 f5 35. Kb4 g5 36. Kb5 d5 37. Rc5 Ra8 38. Kb6 h5 39. Rc7+ Kd6 40. Rc6+ Kd7 41. Rc7+ Kd6 42. Rc6+ Ke7 43. Rc7+ Kf6 44. Ra7 Rc8 45. Rc7 Rb8+ 46. Rb7 Rc8 47. Rc7 Rd8 48. Kb5 Ra8 49. Rc6 g4 50. Ra6 Rc8 51. Rc6 Rh8 52. Kxa4 h4 53. Kxb3 hxg3 54. hxg3 Rh3 55. Rc3 Rxg3 56. a4 Rg1 57. a5 g3 58. Kb4 Ra1 59. Rc2 Kg6 60. Kb5 Kh5 61. b4 Kg4 62. Kb6 Kf3 63. b5 Kxe3 64. a6 Kxf4 0-1


[Site "https://www.chess.com"]

[Event "Titled Tuesday Blitz May 31 Early 2022"]
[White "Nakamura, Hikaru"]
[Black "Makarian, Rudik"]
[WhiteFideId "2016192"]
[BlackFideId "44105681"]
[WhiteElo "2850"]
[BlackElo "2419"]
[Result "1-0"]
[Round "09"]
[TimeControl "180+1"]
[Date "2022.05.31"]
[WhiteClock "0:00:16"]
[BlackClock "0:00:12"]

1. Nf3 Nf6 2. e3 g6 3. b3 Bg7 4. Bb2 d6 5. d4 O-O 6. Be2 c5 7. O-O Nc6 8. c4 cxd4 9. Nxd4 Nxd4 10. Qxd4 Bd7 11. Nc3 Bc6 12. Qd2 a6 13. b4 b6 14. Rfd1 Qd7 15. f3 b5 16. cxb5 axb5 17. Bf1 Qb7 18. Ne2 Rfc8 19. a3 Bd5 20. Nf4 Bc4 21. Rac1 Bxf1 22. Rxf1 d5 23. Bxf6 Bxf6 24. Qxd5 Qa7 25. Qb3 Rxc1 26. Rxc1 Qxa3 27. Qxa3 Rxa3 28. Nd5 Kg7 29. Rc5 Be5 30. Rxb5 e6 31. Nb6 Ra1+ 32. Kf2 Ra2+ 33. Kf1 Bxh2 34. g4 Bg3 35. Nc4 Rf2+ 36. Kg1 Rc2 37. Rc5 Be1 38. b5 Bf2+ 39. Kf1 Bxe3 40. Rc6 Bd4 41. Nd6 Rf2+ 42. Ke1 Rxf3 43. b6 Bxb6 44. Rxb6 Rf4 45. Rb7 g5 46. Ke2 Kg6 47. Ke3 h6 48. Ra7 f5 49. Re7 fxg4 50. Rxe6+ Kg7 51. Ne4 Rf3+ 52. Ke2 Rf4 53. Ng3 Rf3 54. Nh5+ Kh7 55. Nf6+ Kg7 56. Nxg4 Rf4 57. Ne3 h5 58. Re5 Kg6 59. Nd5 Ra4 60. Kf3 h4 61. Ne3 Rf4+ 62. Kg2 g4 63. Re8 h3+ 64. Kg3 Rf3+ 65. Kh2 Rf2+ 66. Kh1 Re2 67. Rg8+ Kf7 68. Rxg4 Rxe3 69. Kh2 Kf6 70. Ra4 Rd3 71. Rb4 Re3 72. Ra4 Rd3 73. Rb4 Re3 74. Rc4 Rd3 75. Re4 Rf3 76. Rg4 Rd3 77. Rg1 Kf5 78. Rg8 Kf4 79. Rb8 Kg4 80. Rb4+ Kg5 81. Rb1 Kg4 82. Rb2 Rf3 83. Rc2 Rf4 84. Rd2 Kh4 85. Re2 Rg4 86. Kh1 Rf4 87. Re3 Rg4 88. Kh2 Rg2+ 89. Kh1 Rg4 90. Re8 Kg3 91. Rh8 Rf4 92. Rg8+ Rg4 93. Ra8 Rf4 94. Ra1 Rf3 95. Rb1 Rf4 96. Rc1 Kh4 97. Rd1 Rg4 98. Rd3 Rg3 99. Rd5 Rg4 100. Rd8 Rf4 101. Kh2 Rf2+ 102. Kg1 h2+ 103. Kxf2 1-0


[Site "https://www.chess.com"]

[Event "Titled Tuesday Blitz May 31 Early 2022"]
[White "Namitbir Singh Walia"]
[Black "Degrande, Marigje"]
[WhiteFideId "35071068"]
[BlackFideId "262757"]
[WhiteElo "1565"]
[BlackElo "2173"]
[Result "1-0"]
[Round "09"]
[TimeControl "180+1"]
[Date "2022.06.01"]
[WhiteClock "0:00:05"]
[BlackClock "0:00:06"]

1. d4 Nf6 2. c4 c5 3. g3 cxd4 4. Nf3 Nc6 5. Nxd4 g6 6. Bg2 Bg7 7. Nc3 O-O 8. O-O Qb6 9. Nb3 Qd8 10. e4 d6 11. Qe2 Bd7 12. Be3 Rc8 13. Nd2 Ng4 14. Bf4 Be6 15. h3 Nge5 16. Be3 Nb4 17. Nd5 Nc2 18. Rac1 Nxe3 19. Nxe3 Qa5 20. a3 Nc6 21. Nb1 Qb6 22. b4 Nd4 23. Qd3 Nc6 24. Nd5 Bxd5 25. exd5 Ne5 26. Qe4 Qa6 27. Rfe1 Rxc4 28. Rxc4 Qxc4 29. Qxc4 Nxc4 30. Rxe7 Rb8 31. Bf1 Ne5 32. Nd2 Bf6 33. Rc7 Bd8 34. Rc2 Bb6 35. Ne4 Nf3+ 36. Kh1 Rd8 37. a4 a5 38. bxa5 Bxa5 39. Bb5 Nd4 40. Rb2 b6 41. Bd3 Kg7 42. Rb1 f5 43. Ng5 h6 44. Ne6+ Nxe6 45. dxe6 Kf6 46. Rc1 Kxe6 47. Bc4+ d5 48. Bb5 Ke5 49. f4+ Ke4 50. Rc6 d4 51. Kg2 d3 52. Re6+ Kd5 53. Re3 Kc5 54. Bxd3 Bd2 55. Re5+ Kb4 56. Bb5 Bc3 57. Re6 Rd2+ 58. Kf3 Bd4 59. Be2 Kxa4 60. Rxg6 Kb4 61. Rxh6 Kc5 62. Re6 b5 63. g4 fxg4+ 64. hxg4 b4 65. Re8 Bc3 66. Rc8+ Kb6 67. Bc4 Kb7 68. Re8 Rb2 69. Re7+ Kc6 70. Re3 b3 71. Rxc3 Rc2 72. Rxb3 Rxc4 73. g5 Kd6 74. Kg4 Ke7 75. Rh3 Kf7 76. Rh6 Kg7 77. Ra6 Rb4 78. Kf5 Rb5+ 79. Kg4 Rb4 80. Ra5 Rc4 81. Kf5 Rb4 82. Ra7+ Kf8 83. g6 Rb5+ 84. Kg4 Rb6 85. f5 Rc6 86. Kg5 Rb6 87. Kh6 Rb8 88. Kh7 1-0


[Site "https://www.chess.com"]

[Event "Titled Tuesday Blitz May 31 Early 2022"]
[White "Oparin, Grigoriy"]
[Black "Niemann, Hans Moke"]
[WhiteFideId "24125890"]
[BlackFideId "2093596"]
[WhiteElo "2665"]
[BlackElo "2632"]
[Result "1/2-1/2"]
[Round "09"]
[TimeControl "180+1"]
[Date "2022.05.31"]
[WhiteClock "0:00:40"]
[BlackClock "0:00:05"]

1. g3 d5 2. Nf3 Nf6 3. Bg2 c5 4. O-O e6 5. d4 cxd4 6. Nxd4 e5 7. Nf3 Nc6 8. c4 d4 9. e3 Be7 10. exd4 exd4 11. Bf4 O-O 12. Ne5 Qb6 13. Qb3 Nxe5 14. Bxe5 Rd8 15. Nd2 Bc5 16. Qxb6 axb6 17. Bxf6 gxf6 18. a3 d3 19. Rfe1 Bd4 20. Rab1 Ra5 21. Be4 Re5 22. Nf3 d2 23. Nxd2 Bxf2+ 24. Kxf2 Rxd2+ 25. Kg1 Bh3 26. Bxb7 Rxe1+ 27. Rxe1 Rxb2 28. Bd5 Kf8 29. Re3 h5 30. Bf3 Be6 31. Bxh5 Bxc4 32. Bf3 b5 33. h4 Kg7 34. Be4 Be6 35. Rf3 Bc4 36. Re3 Ra2 37. Rf3 Be6 38. Bc6 Rb2 39. Be4 Bc4 40. Re3 1/2-1/2


[Site "https://www.chess.com"]

[Event "Titled Tuesday Blitz May 31 Early 2022"]
[White "Perez Gormaz, Matias"]
[Black "Mikhalsky, Vladimir"]
[WhiteFideId "3406342"]
[BlackFideId "14144352"]
[WhiteElo "2341"]
[BlackElo "2301"]
[Result "1-0"]
[Round "09"]
[TimeControl "180+1"]
[Date "2022.06.01"]
[WhiteClock "0:00:12"]
[BlackClock "0:00:11"]

1. e4 g6 2. d4 Bg7 3. Nf3 d6 4. c3 Nf6 5. Bd3 O-O 6. O-O a6 7. Re1 Nc6 8. h3 e5 9. a4 Re8 10. d5 Ne7 11. a5 Nd7 12. c4 h6 13. b4 f5 14. Nc3 Nf6 15. c5 fxe4 16. Nxe4 Nfxd5 17. Bc4 Be6 18. cxd6 cxd6 19. Nc3 Nxc3 20. Bxe6+ Kh7 21. Qb3 e4 22. Nd2 d5 23. Bb2 Nb5 24. Bxg7 Kxg7 25. Rad1 Qd6 26. Qb2+ Kh7 27. Nxe4 dxe4 28. Rxd6 Nxd6 29. Qf6 Nc6 30. Bd7 Nf5 31. Bxf5 gxf5 32. Qxf5+ Kg7 33. Rxe4 Rxe4 34. Qxe4 Rd8 35. Qg4+ Kf6 36. Qh4+ Kg6 37. Qg3+ Kf6 38. Qf3+ Kg6 39. Qb3 Nd4 40. Qg3+ Kf7 41. Qc7+ Ke8 42. Qxb7 Ne2+ 43. Kh2 Nf4 44. Qe4+ Kd7 45. Qxf4 Kc6 46. Qxh6+ Rd6 47. Qc1+ Kd7 48. Qc5 1-0


[Site "https://www.chess.com"]

[Event "Titled Tuesday Blitz May 31 Early 2022"]
[White "Pichot, Alan"]
[Black "Atakhan, Abtin"]
[WhiteFideId "110973"]
[BlackFideId "22502203"]
[WhiteElo "2579"]
[BlackElo "2094"]
[Result "1-0"]
[Round "09"]
[TimeControl "180+1"]
[Date "2022.05.31"]
[WhiteClock "0:00:52"]
[BlackClock "0:00:10"]

1. e4 c5 2. Nf3 Nc6 3. Bb5 e6 4. O-O Nge7 5. Re1 a6 6. Bf1 b6 7. c3 Bb7 8. d4 d5 9. e5 Qc7 10. a3 Ng6 11. b4 c4 12. a4 Be7 13. g3 Qd7 14. h4 h6 15. Bh3 Nf8 16. h5 g6 17. Bg4 gxh5 18. Bxh5 Ng6 19. Nbd2 Rg8 20. Nf1 Kd8 21. Be3 Kc7 22. Qc2 Qd8 23. N1h2 Bg5 24. Ng4 Bxe3 25. Rxe3 Nce7 26. Nf6 Nf5 27. Ree1 Nf4 28. Bg4 Nd3 29. Bxf5 exf5 30. Qd2 Rg6 31. Nh5 Bc8 32. Re3 f4 33. Rxd3 fxg3 34. Re3 gxf2+ 35. Kxf2 Bg4 36. Nf4 Rg7 37. Rg1 h5 38. e6 Qd6 39. Re5 fxe6 40. Nxe6+ 1-0


[Site "https://www.chess.com"]

[Event "Titled Tuesday Blitz May 31 Early 2022"]
[White "Priasmoro, Novendra"]
[Black "Zhigalko, Sergei"]
[WhiteFideId "7105029"]
[BlackFideId "13502956"]
[WhiteElo "2309"]
[BlackElo "2662"]
[Result "0-1"]
[Round "09"]
[TimeControl "180+1"]
[Date "2022.05.31"]
[WhiteClock "0:00:01"]
[BlackClock "0:00:04"]

1. Nf3 d5 2. g3 c6 3. Bg2 Bg4 4. O-O Nd7 5. d4 e6 6. c4 Ngf6 7. Ne5 Bf5 8. Nc3 Be7 9. h3 Nxe5 10. dxe5 Nd7 11. cxd5 cxd5 12. e4 dxe4 13. Qa4 a6 14. Nxe4 O-O 15. Rd1 b5 16. Qd4 Nxe5 17. Nd6 Bxd6 18. Qxd6 Qxd6 19. Rxd6 Rad8 20. Rxd8 Rxd8 21. Bf4 Nd3 22. Rd1 Rc8 23. Be3 Nxb2 24. Rd6 a5 25. Rb6 b4 26. Rb5 Nc4 27. Bf4 h6 28. Bf1 Bb1 29. Bxc4 Rxc4 30. Rxa5 Be4 31. g4 Bd5 32. Be3 Rc2 33. Kh2 Rxa2 34. Rb5 b3 35. Bd4 Rc2 36. Kg3 Rd2 37. Rb8+ Kh7 38. Be3 Rc2 39. Bd4 Rd2 40. Be3 Rd3 41. Kf4 f6 42. Kg3 e5 43. h4 Rc3 44. h5 Rc2 45. f4 b2 46. fxe5 fxe5 47. g5 hxg5 48. Rb5 Ba2 0-1


[Site "https://www.chess.com"]

[Event "Titled Tuesday Blitz May 31 Early 2022"]
[White "Reprintsev, Alexander"]
[Black "Barp, Alberto"]
[WhiteFideId "14100541"]
[BlackFideId "872555"]
[WhiteElo "2108"]
[BlackElo "2229"]
[Result "0-1"]
[Round "09"]
[TimeControl "180+1"]
[Date "2022.05.31"]
[WhiteClock "0:00:02"]
[BlackClock "0:00:05"]

1. e4 e5 2. Nf3 Nc6 3. Bc4 Bc5 4. b4 Bxb4 5. c3 Ba5 6. d4 d6 7. Qb3 Qd7 8. O-O Bb6 9. Bb5 a6 10. Ba4 Ba7 11. d5 b5 12. dxc6 Qxc6 13. Bxb5 axb5 14. Na3 Bd7 15. Rb1 Rb8 16. Ng5 Nh6 17. Be3 Bc5 18. Bxc5 Qxc5 19. c4 b4 20. Nc2 Qa7 21. a3 Ba4 22. Qe3 Qxe3 23. Nxe3 b3 24. Nd5 Kd7 25. Nc3 Bc6 26. f3 Rb7 27. Rfd1 Ra8 28. Ra1 b2 29. Ra2 f6 30. Nh3 Rb3 31. Nb1 Ra4 32. c5 Rc4 33. cxd6 Rc1 34. Nf2 cxd6 35. Rxb2 Rxb2 36. Rxc1 f5 37. Nd3 Re2 38. Nb4 Bb7 39. Nc3 Rb2 40. Ncd5 Bxd5 41. Nxd5 fxe4 42. fxe4 Rb7 43. h3 Nf7 44. a4 Nd8 45. a5 Ne6 46. Nb6+ Ke7 47. Rc8 Ra7 48. Nc4 Nc5 49. Rg8 Kf7 50. Rh8 Nxe4 51. Rxh7 Ke6 52. Rh4 d5 53. Rg4 g5 54. Ne3 Rxa5 55. h4 gxh4 56. Rg6+ Kf7 57. Rh6 Nf6 58. Rxh4 d4 59. Nf5 Ke6 60. Ng7+ Kd5 61. Rh6 Ra1+ 62. Kf2 Ng4+ 0-1


[Site "https://www.chess.com"]

[Event "Titled Tuesday Blitz May 31 Early 2022"]
[White "Rios Escobar, Adan"]
[Black "Baker, Chris W"]
[WhiteFideId "3403645"]
[BlackFideId "401676"]
[WhiteElo "2419"]
[BlackElo "2271"]
[Result "1-0"]
[Round "09"]
[TimeControl "180+1"]
[Date "2022.06.01"]
[WhiteClock "0:00:05"]
[BlackClock "0:00:01"]

1. d4 Nf6 2. g3 e6 3. c4 d5 4. Nf3 Be7 5. Bg2 O-O 6. O-O dxc4 7. Qc2 b5 8. a4 bxa4 9. Bg5 Bb7 10. Bxf6 Bxf6 11. Ng5 Bxg5 12. Bxb7 Nd7 13. Bxa8 Qxa8 14. Qxc4 Nb6 15. Qxc7 Rc8 16. Qe5 Bf6 17. Qf4 Rc2 18. Nc3 Rxb2 19. Nxa4 Nxa4 20. Rxa4 Rxe2 21. Rb1 e5 22. dxe5 Bxe5 23. Qg4 Rc2 24. Qf5 Rc5 25. Qd7 g6 26. Rxa7 Qf3 27. Rf1 Kg7 28. Qe7 Rd5 29. Qe8 Bd4 30. Ra2 Rf5 31. Qe2 Qxe2 32. Rxe2 h5 33. Kg2 g5 34. Rd1 Bc5 35. f3 Kg6 36. Rc2 f6 37. Rb1 Be3 38. Re1 Bc5 39. Re6 Bd4 40. Re7 g4 41. f4 Rd5 42. Rcc7 Kf5 43. Rh7 Ke4 44. Rce7+ Kd3 45. Rd7 1-0


[Site "https://www.chess.com"]

[Event "Titled Tuesday Blitz May 31 Early 2022"]
[White "Sadubayev, Airat"]
[Black "Petrovic, Aleksa"]
[WhiteFideId "13713264"]
[BlackFideId "967629"]
[WhiteElo "2234"]
[BlackElo "2144"]
[Result "1-0"]
[Round "09"]
[TimeControl "180+1"]
[Date "2022.06.01"]
[WhiteClock "0:00:22"]
[BlackClock "0:00:01"]

1. e4 c5 2. Nf3 e6 3. d4 cxd4 4. Nxd4 a6 5. Nc3 Qc7 6. Bd3 Nf6 7. Qe2 d6 8. f4 b5 9. a3 Nbd7 10. g4 Nc5 11. g5 Nfd7 12. Bd2 Bb7 13. O-O-O Be7 14. Rhf1 Rc8 15. Kb1 g6 16. f5 Ne5 17. fxe6 fxe6 18. b4 Ncxd3 19. cxd3 Qd7 20. h4 Bd8 21. h5 Bb6 22. Nf3 Nxf3 23. Qxf3 Qg7 24. Qh3 Kd7 25. Rf6 Rhe8 26. Rdf1 Re7 27. Nd5 Bxd5 28. exd5 Qg8 29. dxe6+ Kc7 30. Rf7 Rxf7 31. Rxf7+ Kb8 32. Qf3 d5 33. Qxd5 Rc7 34. Bf4 1-0


[Site "https://www.chess.com"]

[Event "Titled Tuesday Blitz May 31 Early 2022"]
[White "Sargissyan, Sargis"]
[Black "Fantinel, Thibault"]
[WhiteFideId "13303210"]
[BlackFideId "663395"]
[WhiteElo "2174"]
[BlackElo "2349"]
[Result "1/2-1/2"]
[Round "09"]
[TimeControl "180+1"]
[Date "2022.06.01"]
[WhiteClock "0:00:48"]
[BlackClock "0:00:18"]

1. e4 c5 2. Nf3 e6 3. d4 cxd4 4. Nxd4 Nc6 5. Nc3 Qc7 6. f4 a6 7. Be3 b5 8. Qf3 Bb7 9. Bd3 Nf6 10. O-O-O b4 11. Nce2 d5 12. e5 Nd7 13. Nxc6 Bxc6 14. Nd4 Bb7 15. Kb1 g6 16. h4 O-O-O 17. h5 Be7 18. g4 Nc5 19. hxg6 hxg6 20. Rxh8 Rxh8 21. Rh1 Rxh1+ 22. Qxh1 Nxd3 23. cxd3 a5 24. Qh8+ Qd8 25. Qg7 Qf8 26. Qxf8+ Bxf8 27. Nb5 Ba6 28. Nd6+ Bxd6 29. exd6 Bxd3+ 30. Kc1 Kd7 31. Bc5 f6 32. Bd4 Kxd6 33. Bxf6 Kc5 34. Kd2 Bb1 35. a3 bxa3 36. bxa3 Kc4 37. Ke3 a4 38. Be5 Bc2 39. Bf6 Bd1 40. g5 Bg4 41. Be5 Bf5 42. Bf6 Kb3 43. Be7 Kc3 44. Bf6+ Kc4 45. Be5 Kb3 46. Bd6 Kc2 47. Be5 Kb3 48. Bd6 Be4 49. Be7 Bf5 50. Bd6 1/2-1/2


[Site "https://www.chess.com"]

[Event "Titled Tuesday Blitz May 31 Early 2022"]
[White "Shailesh, Dravid"]
[Black "Pinheiro, Iung Alicio de O."]
[WhiteFideId "25017969"]
[BlackFideId "2104350"]
[WhiteElo "2205"]
[BlackElo "2283"]
[Result "1-0"]
[Round "09"]
[TimeControl "180+1"]
[Date "2022.05.31"]
[WhiteClock "0:00:44"]
[BlackClock "0:00:27"]

1. b3 d5 2. Bb2 Bg4 3. f3 Bf5 4. e3 e6 5. c4 Nf6 6. Nc3 Bc5 7. d4 Be7 8. g4 Bg6 9. h4 h6 10. h5 Bh7 11. Nh3 c5 12. cxd5 cxd4 13. Bb5+ Kf8 14. Qxd4 exd5 15. Rd1 Nc6 16. Qd2 Qd6 17. Nf4 d4 18. exd4 Nb4 19. O-O Nfd5 20. Ncxd5 Nxd5 21. Nxd5 Qxd5 22. Bc4 Qd6 23. f4 Be4 24. d5 f5 25. Be5 Qb6+ 26. Kh2 Bd6 27. Qd4 Rg8 28. Qxb6 1-0


[Site "https://www.chess.com"]

[Event "Titled Tuesday Blitz May 31 Early 2022"]
[White "Sismeiro, Miguel"]
[Black "Sjugirov, Sanan"]
[WhiteFideId "1950975"]
[BlackFideId "4189302"]
[WhiteElo "2031"]
[BlackElo "2602"]
[Result "0-1"]
[Round "09"]
[TimeControl "180+1"]
[Date "2022.05.31"]
[WhiteClock "0:00:03"]
[BlackClock "0:01:29"]

1. c4 g6 2. Nf3 Bg7 3. d4 d6 4. Nc3 Nf6 5. g3 Bf5 6. Bg2 Ne4 7. O-O Nxc3 8. bxc3 Be4 9. Bh3 O-O 10. Nd2 Bc6 11. e4 e5 12. d5 Bd7 13. Bg2 Na6 14. Nb3 b6 15. a4 f5 16. f3 Qe8 17. a5 Ba4 18. Be3 Nc5 19. Bxc5 bxc5 20. Qc2 Rb8 21. Rfb1 h5 22. Qa2 Bd7 23. Nd2 Bh6 24. Rxb8 Qxb8 25. Rb1 Qd8 26. Nf1 Bc8 27. a6 h4 28. Rb8 Qg5 29. Qa5 Qe7 30. Qa2 fxe4 31. fxe4 Qg5 32. Qe2 Qf6 33. Rxc8 Rxc8 34. Bh3 Rf8 35. Be6+ Kg7 36. Kg2 Bg5 37. Bg4 Bc1 38. Be6 Rb8 39. Kh3 Rb2 40. Qd1 Bh6 41. Bg4 Qf2 42. Qf3 hxg3 43. hxg3 Qxf3 44. Bxf3 Ra2 45. Kg4 Rxa6 46. Nh2 Ra2 47. Kh3 a5 48. Ng4 Rb2 49. Bd1 Rd2 50. Ba4 Ra2 51. Bb5 a4 52. Kh4 a3 0-1


[Site "https://www.chess.com"]

[Event "Titled Tuesday Blitz May 31 Early 2022"]
[White "Sokolovsky, Yahli"]
[Black "Hirneise, Jens"]
[WhiteFideId "2820242"]
[BlackFideId "24614734"]
[WhiteElo "1770"]
[BlackElo "2359"]
[Result "0-1"]
[Round "09"]
[TimeControl "180+1"]
[Date "2022.06.01"]
[WhiteClock "0:00:03"]
[BlackClock "0:00:10"]

1. b3 d5 2. Bb2 Bg4 3. h3 Bf5 4. d4 Nf6 5. Nf3 h6 6. e3 e6 7. Bd3 Bxd3 8. Qxd3 Nbd7 9. Nbd2 Bd6 10. Ne5 c6 11. O-O Qc7 12. f4 O-O 13. Kh1 Ne8 14. g4 f6 15. Ng6 Rf7 16. c4 Nf8 17. c5 Be7 18. f5 Nxg6 19. fxe6 Rf8 20. Qxg6 Qc8 21. Nf3 Qxe6 22. Nh4 Kh8 23. Rae1 Qf7 24. e4 Kg8 25. exd5 Qxd5+ 26. Kg1 Qf7 27. Bc1 Nc7 28. Bxh6 Rfe8 29. Bf4 Nd5 30. Bd2 b6 31. cxb6 axb6 32. a4 c5 33. Qxf7+ Kxf7 34. dxc5 Bxc5+ 35. Kg2 Be3 36. Bxe3 Nxe3+ 37. Kf2 Nxf1 38. Rxf1 Rac8 39. Nf5 Rc2+ 40. Kg1 Ree2 41. g5 Rg2+ 42. Kh1 Rh2+ 0-1


[Site "https://www.chess.com"]

[Event "Titled Tuesday Blitz May 31 Early 2022"]
[White "Stribuk, Artiom"]
[Black "Bodnaruk, Anastasia"]
[WhiteFideId "13515659"]
[BlackFideId "4181751"]
[WhiteElo "2259"]
[BlackElo "2332"]
[Result "0-1"]
[Round "09"]
[TimeControl "180+1"]
[Date "2022.06.01"]
[WhiteClock "0:00:02"]
[BlackClock "0:00:11"]

1. d4 Nf6 2. c4 g6 3. g3 Bg7 4. Bg2 O-O 5. Nf3 d6 6. Nc3 Nc6 7. O-O a6 8. Bf4 h6 9. Rc1 g5 10. d5 gxf4 11. dxc6 fxg3 12. hxg3 bxc6 13. Nd4 Bd7 14. Nxc6 Qe8 15. Nd4 c5 16. Nc2 Rb8 17. b3 Ng4 18. Qd2 f5 19. Ne3 Qh5 20. Nxg4 fxg4 21. Nd5 Qe5 22. e3 Bf5 23. Qc3 Qxc3 24. Nxc3 Bd7 25. Nd5 e6 26. Nf4 a5 27. Rfd1 Rb6 28. Rd3 Kf7 29. Be4 Rd8 30. Rcd1 Be8 31. Bg6+ Ke7 32. Bh7 Be5 33. Be4 Bxf4 34. exf4 a4 35. Kg2 axb3 36. axb3 Rdb8 37. Rb1 Rb4 38. Rh1 d5 39. Bh7 Rxb3 40. Rxb3 Rxb3 41. cxd5 exd5 42. Rxh6 c4 43. Bg8 Rd3 44. Rh7+ Kd6 45. Rh6+ Kc5 46. Re6 Bd7 47. Re7 Bf5 48. Rc7+ Kd6 49. Ra7 Be4+ 50. Kf1 Bf3 51. Ra1 c3 52. Bh7 Rd2 53. Rc1 d4 54. Ke1 d3 55. f5 Re2+ 56. Kf1 d2 57. Rd1 c2 0-1


[Site "https://www.chess.com"]

[Event "Titled Tuesday Blitz May 31 Early 2022"]
[White "Tong, Hai Anh"]
[Black "Martins, Bruno Andre Leite"]
[WhiteFideId "12412805"]
[BlackFideId "1942255"]
[WhiteElo "1467"]
[BlackElo "2153"]
[Result "1/2-1/2"]
[Round "09"]
[TimeControl "180+1"]
[Date "2022.06.01"]
[WhiteClock "0:00:05"]
[BlackClock "0:00:02"]

1. d4 e6 2. c4 b6 3. Nc3 Bb7 4. Nf3 Nf6 5. g3 Ne4 6. Bd2 Nxd2 7. Qxd2 Bxf3 8. exf3 d5 9. cxd5 exd5 10. Bg2 Bb4 11. O-O O-O 12. f4 c6 13. Rac1 Nd7 14. a3 Bxc3 15. Rxc3 Rc8 16. Rfc1 Nb8 17. b4 b5 18. Qa2 Qd6 19. Bxd5 Rcd8 20. Bxc6 Nxc6 21. Rxc6 Qxd4 22. R6c5 a6 23. Rc6 Rd6 24. Rxd6 Qxd6 25. Qe2 g6 26. Qe5 Rd8 27. Rc3 h5 28. Kg2 Qb6 29. Rc7 Qd6 30. Rc8 Qd7 31. Rxd8+ Qxd8 32. f5 Qa8+ 33. Kg1 Qc6 34. f6 Qc1+ 35. Kg2 Qc6+ 36. f3 Qc2+ 37. Kh3 Qc8+ 38. g4 hxg4+ 39. fxg4 Qd7 40. Kh4 Qd8 41. Qf4 Qd1 42. Kg5 Qd5+ 43. Kh6 Qd8 44. Kg5 Qd5+ 45. Kh4 Qd1 46. Qh6 Qe1+ 47. Kh3 Qf1+ 48. Kg3 Qg1+ 49. Kf3 Qf1+ 50. Kg3 Qg1+ 51. Kf3 Qh1+ 52. Kg3 Qe1+ 53. Kg2 Qe2+ 54. Kg1 Qe1+ 55. Kg2 Qe2+ 56. Kg3 Qe1+ 57. Kg2 1/2-1/2


[Site "https://www.chess.com"]

[Event "Titled Tuesday Blitz May 31 Early 2022"]
[White "Turutin, Alexander"]
[Black "Domingo Nunez, Ruben"]
[WhiteFideId "4180623"]
[BlackFideId "22245570"]
[WhiteElo "2402"]
[BlackElo "2376"]
[Result "0-1"]
[Round "09"]
[TimeControl "180+1"]
[Date "2022.06.01"]
[WhiteClock "0:00:16"]
[BlackClock "0:00:11"]

1. e4 Nc6 2. Nf3 d5 3. exd5 Qxd5 4. Nc3 Qa5 5. Bb5 Bd7 6. O-O a6 7. Bxc6 Bxc6 8. d4 O-O-O 9. Ne5 Be8 10. a3 f6 11. Qg4+ Kb8 12. Nc4 Qh5 13. Qf4 g5 14. Qe3 Nh6 15. Na5 Ng4 16. Qg3 Rxd4 17. h3 Ne5 18. Be3 Rd7 19. b4 b6 20. Rab1 Qh4 21. Qh2 e6 22. f4 gxf4 23. Bxf4 bxa5 24. bxa5+ Kc8 25. g3 Rg8 26. Qg2 Rd4 27. gxh4 Rxg2+ 28. Kxg2 Bc6+ 29. Kh2 Bd6 30. Ne2 Re4 31. Ng3 Rc4 32. Bxe5 Rxc2+ 33. Kg1 Rg2+ 0-1


[Site "https://www.chess.com"]

[Event "Titled Tuesday Blitz May 31 Early 2022"]
[White "Vajda, Levente"]
[Black "Melikyan, Gnel"]
[WhiteFideId "1203975"]
[BlackFideId "54109990"]
[WhiteElo "2573"]
[BlackElo "1772"]
[Result "1-0"]
[Round "09"]
[TimeControl "180+1"]
[Date "2022.05.31"]
[WhiteClock "0:00:30"]
[BlackClock "0:00:08"]

1. e4 c5 2. c3 e6 3. d4 d5 4. exd5 exd5 5. Nf3 Nc6 6. Be3 cxd4 7. Nxd4 Nf6 8. g3 Bg4 9. f3 Bd7 10. Bg2 Nxd4 11. Bxd4 Qe7+ 12. Kf2 Qd6 13. Re1+ Be7 14. Qe2 Be6 15. Qb5+ Qd7 16. Qxd7+ Kxd7 17. Nd2 a6 18. a4 Ne8 19. Nb3 Kc7 20. a5 Kc6 21. Bb6 Nd6 22. Nd4+ Kd7 23. Rad1 Nc4 24. Nxe6 fxe6 25. Bh3 Nxb6 26. axb6 Bc5+ 27. Kg2 Rae8 28. Rxd5+ Kc6 29. Rg5 g6 30. Bxe6 Kxb6 31. Rd5 Re7 32. b4 Bxb4 33. cxb4 Rhe8 34. Rde5 Kc7 35. f4 Kd6 36. Bg8 Rxe5 37. fxe5+ Ke7 38. Bd5 b6 39. Kf3 Rc8 40. Ke4 Rc2 41. Rf1 Re2+ 42. Kd4 Rd2+ 43. Kc4 Rc2+ 44. Kd3 Rxh2 45. Rf7+ Ke8 46. Rb7 Rh3 47. Rxb6 Rxg3+ 48. Kd4 Ra3 49. Kc5 a5 50. Kd6 Kf8 51. e6 1-0


[Site "https://www.chess.com"]